 Dungeon Crawl Stone Soup version 0.28-a0-1234-g826d19b2e0 (webtiles) character file.

Game seed: 6175786753235321620

360 Zonian the Ducker (level 6, -8/40 HPs)
             Began as a Djinni Fire Elementalist on Dec 24, 2021.
             Was a Believer of Cheibriados.
             Killed from afar by an orc wizard (9 damage)
             ... with a magic dart
             ... on level 4 of the Dungeon.
             The game lasted 00:11:53 (6424 turns).

Zonian the Ducker (Djinni Fire Elementalist)        Turns: 6424, Time: 00:11:54

Health: -8/40      AC:  4    Str: 11    XL:     6   Next: 98%
Gold:   146        EV: 14    Int: 23    God:    Cheibriados [**....] SH:  0 Dex: 19

rFire   + + +      SeeInvis .   h - +2 dagger (vamp)
rCold   x . .      Faith    .   (no shield)
rNeg    . . .      Spirit   .   a - +0 robe
rPois   ∞          Reflect  .   (no helmet)
rElec   .          Harm     .   d - scarf {shadows}
rCorr   .          Rampage  .   (no gloves)
Will    .....                   (boots unavailable)
Stlth   +++.......              (no amulet)
HPRegen 0.13/turn               i - ring of protection from fire
MPRegen 0.00/turn               (no ring)

@: mighty, brilliant, flying, very slightly contaminated, very slow
A: sickness immunity, fire resistance 2, cold vulnerability 1, float, innate
caster, hp casting, extra vitality 1, iridescent scales 1, agile 1
a: Renounce Religion, Bend Time


You were on level 4 of the Dungeon.
You worshipped Cheibriados.
Cheibriados was pleased with you.
You visited 1 branch of the dungeon, and saw 4 of its levels.

You collected 146 gold pieces.

Inventory:

Hand Weapons
 b - a +0 dagger
 c - a +0 dagger of pain
 e - a +0 rapier
 h - a +2 vampiric dagger (weapon)
 k - a +0 long sword
 m - a +0 whip
Missiles
 j - 9 poisoned darts
Armour
 a - a +0 robe (worn)
 d - a scarf of shadows (worn)
Jewellery
 i - a ring of protection from fire (left hand)
Scrolls
 g - 2 scrolls of noise
 n - a scroll of magic mapping
 o - a scroll of identify


   Skills:
 + Level 4.2 Dodging
 + Level 3.4 Stealth
 + Level 3.5 Spellcasting
 + Level 2.5 Invocations


You couldn't memorise any spells.
You knew the following spells:

 Your Spells              Type           Power      Damage    Failure   Level
a - Foxfire               Conj/Fire      100%       2x1d9     2%          1
b - Scorch                Fire           60%        2d8       3%          2
c - Conjure Flame         Conj/Fire      30%        6-21      8%          3
d - Inner Flame           Hex/Fire       30%        N/A       8%          3
e - Flame Wave            Conj/Fire      30%        2d7       26%         4
f - Apportation           Tloc           60%        N/A       2%          1
g - Poisonous Vapours     Pois/Air       60%        N/A       3%          2
Your spell library was empty.

Dungeon Overview and Level Annotations

Branches:
Dungeon (4/15)
 Temple: D:4-7

Altars:
Cheibriados
Yredelemnul

Shops:
D:3 :

Annotations:
D:4 3 runed translucent doors, bearlyready's ghost, amateur DsAr


Innate Abilities, Weirdness & Mutations

You are immune to sickness and miasma.
You are immune to poison.
Your flesh is very heat resistant. (rF++)
You are vulnerable to cold. (rC-)
You float through the air rather than walking.
You learn spells naturally, not from books.
Your magical power is your life essence.
You have superior vitality. (+4 MHP)
You are partially covered in iridescent scales. (AC +2)
You are agile. (Dex +2)


Message History

You throw a poisoned dart. The poisoned dart hits the adder.
The adder is lightly wounded.
Unknown command.
Casting: Scorch (safe; 3% risk of failure)
Press: ? - help, Q - select action, (/) - cycle Dir - look around, f - activate You feel a surge of power!
Flames lash the adder.
The adder is heavily wounded.
The adder's fire resistance burns away.
* * * LOW HITPOINT WARNING * * *
Unknown command.
Casting: Scorch (safe; 3% risk of failure)
Confirm with . or Enter, or press ? or * to list all spells.
You feel a surge of power!
The fire begins to smoulder!
* * * LOW HITPOINT WARNING * * *
The adder bites you but does no damage.
Unknown command.
Casting: Conjure Flame (dangerous; 8% risk of failure)
Confirm with . or Enter, or press ? or * to list all spells.
You feel a surge of power!
You miscast Conjure Flame.
You are very lightly contaminated with residual magic.
Nothing appears to happen.
* * * LOW HITPOINT WARNING * * *
The adder barely misses you.
You smother the flame.
Casting: Conjure Flame (dangerous; 8% risk of failure)
Confirm with . or Enter, or press ? or * to list all spells.
You feel a surge of power!
The fire begins to smoulder!
* * * LOW HITPOINT WARNING * * *
The adder is no longer more vulnerable to fire.
The adder bites you but does no damage. x2
The orc wizard hits you with a +0 dagger.
* * * LOW HITPOINT WARNING * * *
You hit the adder.
The adder is almost dead.
You feel less wooden.
Your scarf of shadows unmelds from your body.
Your +0 robe unmelds from your body.
It gets dark.
The adder bites you.
* * * LOW HITPOINT WARNING * * *
The orc wizard gestures at you while chanting.
The magic dart hits you!
You die...

.........#..........# #...#
#.
.........#..........###...#
##
...........#####.....##...#
# ##.........# #####.##.###
# o#...###.(.# #..#.# #
#+#. #)..####### ##.#.# # #
#....(.(..# #.#.# #
#....So...# #.#.######
#.....@...# #.........
#...####### #.........
##### #......... #.........
#.. ##..#..... #.# ######
#.>#.#### . #.# #....#
##.#.# .. ... #....# #.#.#
#.##.# #....# #.#.#


You could see an orc wizard and an adder.

Vanquished Creatures
  A necrophage (D:4)
  A water moccasin skeleton (D:4)
  A centaur zombie (D:4)
  4 orc wizards
  A hound zombie (D:4)
  3 adders
  An adder skeleton (D:4)
  A worm (D:2)
  2 orcs (D:3)
  2 ball pythons
  8 bats
  6 endoplasms
  2 giant cockroaches
  5 goblins
  5 hobgoblins
  2 jackals (D:4)
  6 kobolds
  A quokka (D:1)
  4 rats
56 creatures vanquished.

Vanquished Creatures (others)
  54 foxfires
54 creatures vanquished.

Grand Total: 110 creatures vanquished

Notes
Turn   | Place    | Note
-------+----------+-------------------------------------------
     0 | D:1      | Zonian the Djinni Fire Elementalist began the quest for the
                  | Orb.
     0 | D:1      | Reached XP level 1. HP: 15/15 MP: 0/0
   411 | D:1      | Reached XP level 2. HP: 18/21 MP: 0/0
  1431 | D:1      | Found a faded altar of an unknown god.
  1596 | D:1      | Prayed at the altar of an unknown god.
  1596 | D:1      | Became a worshipper of Cheibriados the Contemplative
  1596 | D:1      | Reached * piety under Cheibriados
  1643 | D:2      | Reached XP level 3. HP: 22/25 MP: 0/0
  1643 | D:2      | Learned a level 1 spell: Apportation
  2348 | D:2      | Reached skill level 3 in Dodging
  2524 | D:2      | Reached XP level 4. HP: 31/31 MP: 0/0
  3670 | D:3      | Reached ** piety under Cheibriados
  3671 | D:3      | Reached skill level 1 in Invocations
  4492 | D:3      | Reached XP level 5. HP: 35/35 MP: 0/0
  4492 | D:3      | Learned a level 2 spell: Poisonous Vapours
  4549 | D:3      | Found Emnic's Book Boutique.
  4708 | D:4      | Found a runed translucent gate.
  4708 | D:4      | Found a runed translucent gate.
  4708 | D:4      | Noticed bearlyready's ghost (amateur DsAr)
  4709 | D:4      | Found a runed translucent gate.
  4710 | D:4      | Found a basalt altar of Yredelemnul.
  5421 | D:4      | Reached XP level 6. HP: 9/40 MP: 0/0
  5715 | D:4      | Noticed an ogre
  6389 | D:4      | Gained mutation: You are partially covered in iridescent
                  | scales. (AC +2) [potion of mutation]
  6389 | D:4      | Gained mutation: You are agile. (Dex +2) [potion of
                  | mutation]
  6397 | D:4      | Noticed a necrophage
  6411 | D:4      | Reached skill level 4 in Dodging
  6411 | D:4      | Killed a necrophage
  6423 | D:4      | HP: 3/60 [orc wizard (2)]
  6424 | D:4      | HP: 1/40 [adder (1)]
  6424 | D:4      | Killed from afar by an orc wizard

Illustrated notes

Levels and vault maps discovered:
D:1:      dpeg_arrival_orchard, layout_loops_ring, ebering_ecumenical_altar_hall
D:2:      layout_loops_ring, chequers_serial_rivers_micro_d, chequers_big_river
D:3:      layout_rooms, serial_shops, nicolae_shop_trees
D:4:      layout_basic, nicolae_yredelemnul_ghost_church,
          minmay_a_box_with_orc_wizards_in_it

Skill      XL: |  1  2  3  4  5  6 |
---------------+-------------------+-----
Stealth        | 2 3 |  3.4
Dodging        | 3 4 |  4.2
Invocations    | 1 2 |  2.5
Spellcasting   | 3 |  3.5

Action                   |  1- 3 |  4- 6 || total
-------------------------+-------+-------++-------
Melee: Unarmed           |     2 |       ||     2
       Dagger            |    64 |   102 ||   166
Throw: Dart              |       |     1 ||     1
 Cast: Foxfire           |    19 |    12 ||    31
       Scorch            |     3 |    27 ||    30
       Conjure Flame     |       |     2 ||     2
Invok: Bend Time         |       |     2 ||     2
  Use: Potion            |       |     9 ||     9
       Scroll            |       |     7 ||     7
 Stab: Sleeping          |     3 |     4 ||     7
Armor: Robe              |    24 |    27 ||    51
       Skin              |       |    22 ||    22
Dodge: Dodged            |    53 |    96 ||   149

Table legend: (Time is in decaauts)
 A = Elapsed time spent in this place.
 B = Non-inter-level travel time spent in this place.
 C = Inter-level travel time spent in this place.
 D = Time resting spent in this place.
 E = Time spent auto-exploring this place.
 F = Levels seen in this place.
 G = Mean time per level.
                   A        B        C        D        E       F      G
               +--------+--------+--------+--------+--------+-----+--------+
         Total |   7058 |   6850 |    208 |   3305 |   2596 |   4 | 1764.5 |
       Dungeon |   7058 |   6850 |    208 |   3305 |   2596 |   4 | 1764.5 |
               +--------+--------+--------+--------+--------+-----+--------+

Top non-repeatable levels by time:
     D:2: 2734 daAuts
     D:1: 1649 daAuts
     D:4: 1342 daAuts
     D:3: 1331 daAuts
